 Seeded DCSS version 0.24.1-8-ga250c9d538 (webtiles) character file.

Game seed: 16822949236002016354, levelgen mode: deterministic

168 Masnef the Sneak (level 5, 0/32 HPs)
             Began as an Octopode Enchanter on Apr 29, 2020.
             Slain by an orc
             ... wielding a +0 flail
              (9 damage)
             ... on level 3 of the Dungeon.
             The game lasted 00:04:32 (2676 turns).

Masnef the Sneak (Octopode Enchanter)               Turns: 2676, Time: 00:04:33

Health: 0/32       AC:  1    Str:  7    XL:     5   Next: 48%
Magic:  8/8        EV: 13    Int: 19    God:
Gold:   79         SH:  0    Dex: 12    Spells: 2/8 levels left

rFire    . . .     SeeInvis .   g - +4 short sword (venom)
rCold    . . .     Gourm    .   (no shield)
rNeg     . . .     Faith    .   (helmet restricted)
rPois    .         Spirit   .   (no amulet)
rElec    .         Reflect  .   (no ring)
rCorr    .         Harm     .   (no ring)
MR       .....                  (no ring)
Stlth    ++++......             (no ring)
HPRegen  0.10/turn              (no ring)
MPRegen  0.11/turn              (no ring)
                                (no ring)
                                (no ring)

@: no status effects
A: almost no armour, stealthy swim, amphibious, 8 rings, constrict 8, camouflage
1, gelatinous body 1
a: no special abilities


You were on level 3 of the Dungeon.
You were not hungry.

You visited 1 branch of the dungeon, and saw 3 of its levels.

You collected 79 gold pieces.

Inventory:

Hand Weapons
 a - a +1 dagger
 g - a +4 short sword of venom (weapon)
Missiles
 f - a throwing net (quivered)
Scrolls
 b - a scroll of fog {unknown}
 d - 5 scrolls of identify {unknown}
 e - a scroll of amnesia {unknown}
 h - a scroll of enchant weapon {unknown}
 i - 3 scrolls of remove curse {unknown}
 j - 2 scrolls of enchant armour {unknown}
Comestibles
 c - 6 rations
 k - 2 chunks of flesh


   Skills:
 + Level 0.5 Fighting
 * Level 3.3 Short Blades
 + Level 2.0 Dodging
 + Level 5.9 Stealth
 - Level 2.0 Spellcasting
 + Level 3.7 Hexes


You had 2 spell levels left.
You knew the following spells:

 Your Spells              Type           Power        Failure   Level  Hunger
a - Corona                Hex            ###....      3%          1    #......
b - Ensorcelled Hibernat  Hex/Ice        #.....       12%         2    ###....
c - Confuse               Hex            ###.....     11%         3    ###....

Your spell library contained the following spells:

 Spells                   Type           Power        Failure   Level  Hunger
 Tukima's Dance           Hex            ###.....     11%         3    ###....
 Dazzling Spray           Conj/Hex       #.....       24%         3    ###....


Dungeon Overview and Level Annotations

Branches:
Dungeon (3/15)

Altars:
Makhleb
Sif Muna
Wu Jian


Innate Abilities, Weirdness & Mutations

You cannot wear most types of armour.
You are very stealthy in the water. (Stealth+)
You are amphibious.
You can wear up to eight rings at the same time.
You can use your tentacles to constrict eight enemies at once.
Your skin changes colour to match your surroundings (Stealth+).
Your rubbery body absorbs attacks. (AC +1, EV +1)


Message History

The kobold throws a stone.
The stone barely misses you.
Found a shiny bone wand and a scroll labeled ANA YLOVUPP.
The kobold throws a stone.
The stone closely misses you. The bat completely misses you.
The orc hits you with a cursed +0 dagger.
The orc shouts!
You hit the bat.
You kill the bat!
The orc barely misses you. The orc closely misses you.
The orc barely misses you.
The orc priest invokes the aid of Beogh against you.
Beogh smites you!
* * * LOW HITPOINT WARNING * * *
The kobold completely misses you. The orc barely misses you.
You closely miss the orc. Your grab misses the orc.
The kobold barely misses you. The orc hits you but does no damage.
You hit the orc.
The orc is poisoned.
Your grab misses the orc.
The orc is heavily wounded.
The orc hits you with a +0 flail!
You die...

##### ##### #...#
#.(.######.## #...#
#..oo@o..../#
#...########...ooK.....#
#...##>....$^...........
.....#.#####............
#....#.# ####........#
.....#.# #.......?#
.....#.# ##########
.#+#.#.# .#..<#.#


You could see an orc priest, 4 orcs and a kobold.

Vanquished Creatures
  A worker ant (D:2)
  5 gnolls
  2 adders
  2 oozes
  2 worms
  2 dart slugs
  2 ball pythons (D:2)
  4 giant cockroaches
  8 goblins
  7 hobgoblins
  8 jackals
  4 kobolds
  3 bats
  8 rats
58 creatures vanquished.

Notes
Turn   | Place    | Note
-------+----------+-------------------------------------------
     0 | D:1      | Masnef the Octopode Enchanter began the quest for the Orb.
     0 | D:1      | Reached XP level 1. HP: 11/11 MP: 3/3
   337 | D:1      | Reached XP level 2. HP: 17/17 MP: 5/5
   548 | D:1      | Learned a level 2 spell: Ensorcelled Hibernation
   911 | D:1      | Reached XP level 3. HP: 10/21 MP: 1/6
   916 | D:1      | Learned a level 3 spell: Confuse
  1656 | D:2      | Reached XP level 4. HP: 22/27 MP: 7/7
  1661 | D:2      | Reached skill level 5 in Stealth
  1956 | D:2      | Found a shimmering blue altar of Sif Muna.
  1988 | D:2      | Reached XP level 5. HP: 31/32 MP: 8/8
  2297 | D:2      | Found an ornate altar of the Wu Jian Council.
  2463 | D:2      | Found a burning altar of Makhleb.
  2676 | D:3      | Slain by an orc

Levels and vault maps discovered:
D:1:      grunt_arrival_lava_bath, layout_basic
D:2:      layout_basic, lemuel_round_altar, old_standard_altar,
          lemuel_doored_altar
D:3:      layout_basic, first_ration

Skill      XL: |  1  2  3  4 |
---------------+-------------+-----
Short Blades   | 2 3 |  3.3
Stealth        | 5 |  5.9
Fighting       | |  0.5
Dodging        | |  2.0
Spellcasting   | |  2.0
Hexes          | |  3.7

Action                   |  1- 3 |  4- 6 || total
-------------------------+-------+-------++-------
Melee: Dagger            |    56 |       ||    56
       Tentacles         |     9 |     6 ||    15
       Constrict         |    11 |    16 ||    27
       Short sword       |     9 |    60 ||    69
 Cast: Corona            |     1 |       ||     1
       Ensorcelled Hiber |     2 |     3 ||     5
 Stab: Sleeping          |    14 |     4 ||    18
  Eat: Chunk             |     2 |     4 ||     6
Armor: Skin              |     2 |     3 ||     5
Dodge: Dodged            |    35 |    45 ||    80
